 Dungeon Crawl Stone Soup version 0.25-a0-510-ge065f6de7d (webtiles) character file.

Game seed: 16238397983838109221, levelgen mode: classic

2072 EnegeticOcto the Cleaver (level 9, -13/81 HPs)
             Began as a Deep Dwarf Fighter on Feb 15, 2020.
             Mangled by an orc warrior
             ... wielding a +0 halberd
              (17 damage)
             ... in a bailey.
             The game lasted 00:03:52 (3127 turns).

EnegeticOcto the Cleaver (Deep Dwarf Fighter)       Turns: 3127, Time: 00:03:52

Health: -13/81     AC: 16    Str: 22    XL:     9   Next: 5%
Magic:  4/4        EV:  6    Int: 10    God:
Gold:   50         SH: 15    Dex:  9    Spells: 8/8 levels left

rFire    . . .     SeeInvis .   a - +1 war axe
rCold    . . .     Gourm    .   A - +0 tower shield
rNeg     . . .     Faith    .   f - +0 chain mail
rPois    +         Spirit   .   m - +2 helmet
rElec    .         Reflect  .   (no cloak)
rCorr    .         Harm     .   h - +2 pair of gloves
MR       +....                  (no boots)
Stlth    ..........             (no amulet)
HPRegen  0.00/turn              g - ring of poison resistance
MPRegen  0.09/turn              x - -3 ring of dexterity (curse)

@: non-regenerating, studying Shields
A: damage resistance, heal wounds, sense surroundings 2, no regeneration
a: Heal Wounds


You were in a bailey.
You were hungry.

You visited 2 branches of the dungeon, and saw 9 of its levels.
You also visited: Ossuary and Bailey.

You collected 182 gold pieces.
You spent 132 gold pieces at shops.

Inventory:

Hand Weapons
 a - a +1 war axe (weapon)
Missiles
 n - 4 throwing nets (quivered)
Armour
 f - a +0 chain mail (worn)
 h - a +2 pair of gloves (worn)
 m - a +2 helmet (worn)
 A - a +0 tower shield (worn)
Jewellery
 g - a ring of poison resistance (left hand)
 x - a cursed -3 ring of dexterity (right hand)
Scrolls
 c - a scroll of teleportation {unknown}
 i - 2 scrolls of remove curse {@r6}
 p - 2 scrolls of fog
 t - a scroll of holy word
 w - a scroll of blinking {@r3}
Potions
 b - a potion of invisibility
 d - 2 potions of might {@q3}
 j - 3 potions of ambrosia
 k - 2 potions of heal wounds {@q2}
 o - 2 potions of haste {unknown}
 q - a potion of agility {unknown}
 r - a potion of flight
 s - a potion of cancellation {unknown}
 v - 3 potions of curing {@q1}
Books
 l - a manual of Shields
Comestibles
 e - 4 rations


   Skills:
 + Level 5.1 Fighting
 * Level 8.0 Axes
 + Level 6.2 Armour
 + Level 5.0 Dodging
 + Level 6.2 Shields


You had 8 spell levels left.
You didn't know any spells.
Your spell library contained the following spells:

 Spells                   Type           Power        Failure   Level  Hunger
 Sandblast                Erth           #.....       100%        1    ##.....
 Passwall                 Tmut/Erth      #.......     100%        2    ###....
 Stone Arrow              Conj/Erth      #.....       100%        3    ####...
 Petrify                  Tmut/Erth      #.......     100%        4    #####..
 Lee's Rapid Deconstruct  Erth           #.........   100%        5    ######.


Dungeon Overview and Level Annotations

Branches:
Dungeon (8/15)             Temple (1/1) D:7         Ossuary (visited)
 Bailey (1/1)
   Lair: D:8-11

Altars:
Ashenzari
Cheibriados
Dithmenos
Elyvilon
Fedhas
Gozag
Hepliaklqana
Kikubaaqudgha
Nemelex Xobeh
Okawaru
Qazlal
Ru
Sif Muna
Trog
Uskayaw
Vehumet
Wu Jian
Xom
Yredelemnul
The Shining One

Shops:
D:7 :!([%


Innate Abilities, Weirdness & Mutations

You are resistant to damage.
You can heal yourself by infusing magical energy.
You passively map the area around you.
You do not regenerate.


Message History

You feel much better. You block the orc warrior's attack.
The orc warrior hits you from afar with a +0 halberd!
You block the orc knight's attack.
You hit the orc warrior but do no damage.
The orc warrior is almost dead.
You hit the orc warrior but do no damage.
You hit the orc knight but do no damage.
The orc warrior no longer looks unusually strong.
The orc warrior hits you but does no damage.
The orc warrior barely misses you. You block the orc warrior's attack.
The orc knight hits you with a +0 glaive!
You are too injured to fight recklessly!
You are too injured to fight recklessly!
You are too injured to fight recklessly!
You are too injured to fight recklessly!
You are too injured to fight recklessly!
You are too injured to fight recklessly!
You are too injured to fight recklessly!
You are too injured to fight recklessly!
You are too injured to fight recklessly!
You are too injured to fight recklessly!
You feel much better.
The orc warrior hits you from afar with a +0 halberd!
The orc warrior hits you with a +0 halberd!!
You block the orc warrior's attack.
The orc knight roars a battlecry!
The orc warrior goes into a battle-frenzy!
You feel much better.
The orc warrior no longer looks unusually strong.
You block the orc warrior's attack. x2; The orc warrior barely misses you.
The orc knight hits you with a +0 glaive!
You hit the orc warrior.
The orc warrior is almost dead.
You closely miss the orc knight.
You hit the orc warrior but do no damage.
The orc warrior no longer looks unusually strong.
You block the orc warrior's attack.
The orc warrior hits you from afar with a +0 halberd!
You block the orc warrior's attack. You block the orc knight's attack.
Your shield and chain mail prevent you from hitting the orc warrior.
The orc warrior is almost dead.
You hit the orc knight. You hit the orc warrior.
The orc warrior hits you from afar with a +0 halberd!
The orc warrior completely misses you.
The orc warrior hits you but does no damage.
You block the orc knight's attack.
You are too injured to fight recklessly!
You are too injured to fight recklessly!
You are too injured to fight recklessly!
You are too injured to fight recklessly!
You are too injured to fight recklessly!
You are too injured to fight recklessly!
You are too injured to fight recklessly!
You are too injured to fight recklessly!
You are too injured to fight recklessly!
You are too injured to fight recklessly!
You are too injured to fight recklessly!
You feel much better. You block the orc warrior's attack. x2
You feel much better. You block the orc warrior's attack.
You block the orc knight's attack.
The orc warrior hits you from afar with a +0 halberd!
You block the orc warrior's attack.
You hit the orc warrior.
The orc warrior is almost dead.
Your shield and chain mail prevent you from hitting the orc knight.
Your shield and chain mail prevent you from hitting the orc warrior.
You block the orc warrior's attack.
The orc knight hits you but does no damage.
You block the orc warrior's attack.
The orc warrior hits you with a +0 halberd.
You hit the orc warrior but do no damage.
The orc warrior is almost dead.
You closely miss the orc warrior. You slash the orc knight!
The orc warrior hits you with a +0 glaive!!
The orc knight hits you with a +0 glaive.
You block the orc warrior's attack. x2
You are feeling hungry.
You closely miss the orc warrior.
The orc warrior is almost dead.
You barely miss the orc warrior. You hit the orc knight.
You block the orc warrior's attack.
The orc knight roars a battlecry!
The orc warriors go into a battle-frenzy!
The orc warrior hits you with a +0 halberd!!
* * * LOW HITPOINT WARNING * * *
You block the orc warrior's attack.
You are too injured to fight recklessly!
You are too injured to fight recklessly!
You are too injured to fight recklessly!
You are too injured to fight recklessly!
You are too injured to fight recklessly!
You are too injured to fight recklessly!
You are too injured to fight recklessly!
You are too injured to fight recklessly!
You fail to use your ability.
You block the orc knight's attack.
The orc warrior hits you with a +0 glaive!!
* * * LOW HITPOINT WARNING * * *
You block the orc warrior's attack.
The orc warrior hits you from afar with a +0 halberd!!
You die...

, * *≈, ,........≈##.##
. , , ≈ ,,,,
........≈o.^. ≈.. , * *≈
, ,.......≈#o.##≈.. , ,
#######....≈≈#o#≈≈.. ≈ ,
##....##.....≈≈≈≈≈... ,,
, ##.....##....(........
,
##..#'''##..(..(.......
,,,, ,
,#..##∩.∩##.(##(........
*#.####@####.##().......
, #.+


#ooo# +.##(........ , , , #.# #.o.# #.##(........ , , #.+ #?.:# +.##(........ ,,
, #.#########.##......... , , #..## ##..#.(........ , ##..#+#+#..##(......... ,
,,, , ##.......##(.......... ,≈≈ , #########....≈≈≈≈≈... You could see an orc
knight and 3 orc warriors.

Vanquished Creatures
  2 steam dragons (D:6)
  3 orc warriors
  A phantom (D:6)
  2 centaurs
  A bullfrog (D:7)
  A water moccasin skeleton (D:6)
  3 crimson imps
  6 centaur zombies
  6 orc priests
  A bullfrog skeleton (D:8)
  An iguana (D:6)
  6 orc wizards
  6 worker ants
  2 big kobold zombies (Ossuary)
  6 mummies (Ossuary)
  11 gnolls
  4 adders
  An adder skeleton (D:7)
  4 worms
  A dart slug (D:3)
  2 leopard geckos
  23 orcs
  4 bats
  2 giant cockroaches
  2 goblins
  4 hobgoblins
  5 jackals (D:2)
  6 kobolds
  A quokka (D:7)
  3 frilled lizards
  3 hobgoblin zombies (Ossuary)
  A jackal skeleton (D:6)
  A jackal zombie (D:8)
  3 rats
128 creatures vanquished.

Vanquished Creatures (others)
  An adder (D:2)
  A bat (D:2)
  A fungus (D:6)
3 creatures vanquished.

Grand Total: 131 creatures vanquished

Notes
Turn   | Place    | Note
-------+----------+-------------------------------------------
     0 | D:1      | EnegeticOcto the Deep Dwarf Fighter began the quest for the
                  | Orb.
     0 | D:1      | Reached XP level 1. HP: 20/20 MP: 1/1
   198 | D:1      | Reached XP level 2. HP: 25/27 MP: 2/2
   345 | D:2      | Reached XP level 3. HP: 31/33 MP: 3/3
   360 | D:2      | Reached skill level 1 in Dodging
   397 | D:2      | Reached skill level 3 in Axes
   458 | D:3      | Reached XP level 4. HP: 34/42 MP: 4/4
   574 | D:3      | Reached XP level 5. HP: 38/49 MP: 5/5
   671 | D:4      | Reached skill level 4 in Axes
   890 | D:4      | Reached XP level 6. HP: 35/56 MP: 5/5
  1136 | D:5      | Entered Level 5 of the Dungeon
  1253 | D:6      | Reached skill level 5 in Axes
  1521 | D:6      | Reached XP level 7. HP: 57/63 MP: 4/4
  1704 | D:6      | Noticed a steam dragon
  1704 | D:6      | Noticed a steam dragon
  1719 | D:6      | Killed a steam dragon
  1738 | D:6      | Killed a steam dragon
  1738 | D:6      | Reached skill level 5 in Armour
  1795 | D:6      | Reached skill level 5 in Shields
  1805 | D:6      | Found a shadowy altar of Dithmenos.
  1907 | D:6      | Reached skill level 6 in Axes
  1951 | D:6      | Reached XP level 8. HP: 38/72 MP: 5/5
  2043 | D:7      | Found Xaotunor's Weapon Emporium.
  2072 | D:7      | Found Kysig's Armour Emporium.
  2133 | D:7      | Found Taxy's Book Shoppe.
  2219 | D:7      | Found a sand-covered staircase.
  2231 | Ossuary  | Entered an ossuary
  2288 | Ossuary  | Reached skill level 7 in Axes
  2350 | D:7      | Found a staircase to the Ecumenical Temple.
  2361 | Temple   | Entered the Ecumenical Temple
  2777 | D:7      | Found Ybomo's Food Boutique.
  2872 | D:7      | Found a shimmering blue altar of Sif Muna.
  2925 | D:7      | Found Fuguifo's Distillery.
  2933 | D:7      | Bought a potion of curing for 36 gold pieces
  2933 | D:7      | Bought a potion of invisibility for 96 gold pieces
  2988 | D:8      | Found a flagged portal.
  3002 | D:8      | Reached skill level 5 in Fighting
  3020 | Bailey   | Entered a bailey
  3037 | Bailey   | Gained mutation: You passively map the area around you.
                  | [Deep Dwarf growth]
  3037 | Bailey   | Reached XP level 9. HP: 63/81 MP: 5/5
  3049 | Bailey   | Reached skill level 8 in Axes
  3049 | Bailey   | Reached skill level 5 in Dodging
  3103 | Bailey   | Found a roughly hewn altar of Beogh.
  3103 | Bailey   | Noticed an orc knight
  3127 | Bailey   | HP: 4/81 [orc warrior/+0 glaive (19)]
  3127 | Bailey   | Mangled by an orc warrior

Levels and vault maps discovered:
D:1:      minmay_arrival_up_and_down, layout_basic
D:2:      layout_basic, grunt_temple_overflow_order_and_chaos_2,
          lemuel_old_faithful
D:3:      layout_basic, first_ration
D:4:      layout_rooms
D:5:      layout_cave_pools, serial_glass, glass_columns_a, glass_columns_b,
          nemelex_dance_club_becter
D:6:      kennysheep_steamy, layout_basic, grunt_dithmenos_smoke_and_mirrors,
          minmay_crystal_water
D:7:      layout_gridville, lemuel_coloured_pillars_altar,
          minmay_temple_entry_glass, serial_shops, shop, shop,
          nicolae_shop_window_shopping, shop, shop,
          nicolae_ossuary_entry_monument
D:8:      layout_basic, enter_bailey_6, uniq_prince_ribbit1, uniq_erica,
          uniq_psyche
Temple:   dpeg_five_rooms_temple
Bailey:   bailey_polearm_2, bailey

Skill      XL: |  1  2  3  4  5  6  7  8  9 |
---------------+----------------------------+-----
Dodging        | 1 2 3 4 5 |  5.0
Axes           | 3 4 5 6 7 8 |  8.0
Fighting       | 3 4 5 |  5.1
Armour         | 4 5 6 |  6.2
Shields        | 4 5 6 |  6.2

Action                   |  1- 3 |  4- 6 |  7- 9 || total
-------------------------+-------+-------+-------++-------
Melee: War axe           |    90 |   152 |   244 ||   486
 Abil: Heal Wounds       |       |     3 |    19 ||    22
  Use: Scroll            |       |       |    12 ||    12
       Potion            |       |       |     1 ||     1
  Eat: Chunk             |       |     3 |     5 ||     8
Armor: Chain mail        |    96 |    87 |   163 ||   346
Dodge: Dodged            |    28 |    41 |    88 ||   157
Block: Kite shield       |    72 |    90 |   106 ||   268
       Tower shield      |       |       |   114 ||   114

Table legend:
 A = Non-vault XP
 B = Vault XP
 C = Vault XP percentage of total XP
 D = Non-vault monster count
 E = Vault monster count
 F = Vault count percentage of total count
                 A         B        C        D         E       F
            +---------+---------+-------+---------+---------+-------
      Total |    1942 |    1019 |  34.4 |     106 |      22 |  17.2
            +---------+---------+-------+---------+---------+-------
        D:1 |      16 |       0 |   0.0 |       8 |       0 |   0.0
        D:2 |      56 |       0 |   0.0 |      17 |       0 |   0.0
        D:3 |     130 |       0 |   0.0 |      18 |       0 |   0.0
        D:4 |     202 |       0 |   0.0 |      18 |       0 |   0.0
        D:6 |     682 |     360 |  34.5 |      15 |       2 |  11.8
        D:7 |     650 |       0 |   0.0 |      22 |       0 |   0.0
        D:8 |     206 |       0 |   0.0 |       8 |       0 |   0.0
    Ossuary |       0 |     388 | 100.0 |       0 |      16 | 100.0
     Bailey |       0 |     271 | 100.0 |       0 |       4 | 100.0
            +---------+---------+-------+---------+---------+-------
